 Dungeon Crawl Stone Soup version 0.19.5 (webtiles) character file.

3652 Kalash the Covert (level 9, -14/61 HPs)
             Began as a Vampire Gladiator on Apr 21, 2017.
             Was a Priest of Kikubaaqudgha.
             Demolished by an orc warrior
             ... wielding a +0 trident
              (15 damage)
             ... on level 9 of the Dungeon.
             The game lasted 00:33:46 (10061 turns).

Kalash the Covert (Vampire Gladiator)              Turns: 10061, Time: 00:33:49

Health: -14/61     AC:  8    Str: 14    XL:     9   Next: 88%
Magic:  12/12      EV: 15    Int: 10    God:    Kikubaaqudgha [***...]
Gold:   356        SH:  0    Dex: 18    Spells: 3 memorised, 6 levels left

rFire  . . .     SeeInvis +     y - +2 short sword (protect)
rCold  . . .     Gourm    .     f - +0 ring mail
rNeg   + . .     Faith    .     (no shield)
rPois  .         Spirit   .     w - +0 helmet
rElec  .         Reflect  .     q - +1 cloak {+Inv}
rCorr  .         Harm     .     (no gloves)
MR     .....                    (no boots)
Stlth  ++++......               (no amulet)
                                (no ring)
                                (no ring)

@: no status effects
A: fangs 3, see invisible, unbreathing
a: Bat Form, Receive Corpses, Renounce Religion, Evoke Invisibility


You were on level 9 of the Dungeon.
You worshipped Kikubaaqudgha.
Kikubaaqudgha was most pleased with you.
You were not thirsty.

You visited 1 branch of the dungeon, and saw 9 of its levels.

You collected 356 gold pieces.

Inventory:

Hand Weapons
 a - a +0 rapier
 j - a cursed +1 dagger of speed
 r - a +0 blowgun
 y - a +2 short sword of protection (weapon)
 C - a +0 falchion of protection
 H - a +2 short sword of venom
 K - the +1 great sword of Sudden Death {chaos, Str+4 Int+5 Dex-4}
   (You found it on level 7 of the Dungeon)

   Each time it hits an enemy it has a different, random effect.
   It affects your strength (+4).
   It affects your intelligence (+5).
   It affects your dexterity (-4).
Missiles
 d - 3 throwing nets (quivered)
 t - 27 poisoned needles
Armour
 b - a +0 leather armour
 c - a +0 helmet
 f - a +0 ring mail (worn)
 q - a +1 cloak of invisibility (worn)
 w - a +0 helmet (worn)
Jewellery
 u - an uncursed ring of ice
Wands
 M - a wand of lightning (7/15)
Scrolls
 h - 4 scrolls of identify
 i - 2 scrolls of remove curse
 n - 2 scrolls of magic mapping
 o - 6 scrolls of amnesia
 p - 3 scrolls of fog
 z - 2 scrolls of fear
 A - a scroll of teleportation
 N - a scroll of enchant armour
Potions
 e - 4 potions of blood
 k - a potion of flight {unknown}
 l - 3 potions of degeneration {unknown}
 m - 3 potions of mutation {unknown}
 s - a potion of magic {unknown}
 v - a potion of resistance {unknown}
 x - 4 potions of agility {unknown}
 D - a potion of ambrosia {unknown}
 E - 2 potions of heal wounds {unknown}
 L - a potion of lignification {unknown}
 O - a potion of brilliance {unknown}
Books
 g - Kikubaaqudgha's Volume of Stolen Souls
   (Kikubaaqudgha gifted it to you on level 3 of the Dungeon)

   Spells                             Type                      Level
   a - Pain                           Necromancy                   1
   b - Corpse Rot                     Necromancy                   2
   c - Sublimation of Blood           Necromancy                   2
   d - Regeneration                   Charms/Necromancy            3
   e - Control Undead                 Necromancy                   4
 B - a book of Minor Magic

   Spells                             Type                      Level
   a - Magic Dart                     Conjuration                  1
   b - Blink                          Translocation                2
   c - Call Imp                       Summoning                    2
   d - Repel Missiles                 Charms/Air                   2
   e - Slow                           Hexes                        2
   f - Conjure Flame                  Conjuration/Fire             3
   g - Mephitic Cloud                 Conjuration/Poison/Air       3
 F - a book of Conjurations

   Spells                             Type                      Level
   a - Magic Dart                     Conjuration                  1
   b - Searing Ray                    Conjuration                  2
   c - Dazzling Spray                 Conjuration/Hexes            3
   d - Fulminant Prism                Conjuration/Hexes            4
   e - Iskenderun's Mystic Blast      Conjuration                  4
   f - Iskenderun's Battlesphere      Conjuration/Charms           5
 G - a book of Callings

   Spells                             Type                      Level
   a - Summon Small Mammal            Summoning                    1
   b - Call Imp                       Summoning                    2
   c - Call Canine Familiar           Summoning                    3
   d - Summon Guardian Golem          Hexes/Summoning              3
   e - Summon Lightning Spire         Summoning/Air                4
   f - Summon Ice Beast               Ice/Summoning                4
 I - a book of Debilitation

   Spells                             Type                      Level
   a - Corona                         Hexes                        1
   b - Slow                           Hexes                        2
   c - Gell's Gravitas                Hexes/Translocation          3
   d - Inner Flame                    Hexes/Fire                   3
   e - Cause Fear                     Hexes                        4
   f - Leda's Liquefaction            Hexes/Earth                  4
 J - Kikubaaqudgha's Handbook of Evil
   (Kikubaaqudgha gifted it to you on level 7 of the Dungeon)

   Spells                             Type                      Level
   a - Animate Dead                   Necromancy                   4
   b - Excruciating Wounds            Charms/Necromancy            5
   c - Bolt of Draining               Conjuration/Necromancy       5
   d - Dispel Undead                  Necromancy                   5
   e - Death Channel                  Necromancy                   6


   Skills:
 - Level 1.7 Fighting
 + Level 10.2 Short Blades
 - Level 1.5 Throwing
 + Level 6.6 Dodging
 + Level 11.4 Stealth
 * Level 2.2 Spellcasting
 + Level 5.7 Necromancy


You had 6 spell levels left.
You knew the following spells:

 Your Spells              Type           Power        Failure   Level  Hunger
a - Pain                  Necr           ##..         8%          1    ##.....
b - Regeneration          Chrm/Necr      #.........   71%         3    ####...
c - Corpse Rot            Necr           N/A          12%         2    ###....


Dungeon Overview and Level Annotations

Branches:
Dungeon (9/15)             Temple (0/1) D:6
   Lair: D:8-11         Orc: D:9-12

Altars:
Cheibriados
Elyvilon
Fedhas
Gozag
Kikubaaqudgha
Makhleb
Okawaru
Vehumet
Xom
Zin
The Shining One

Annotations:
D:8 Prince Ribbit


Innate Abilities, Weirdness & Mutations

You have razor-sharp teeth.
You have supernaturally acute eyesight. (SInv)
You can survive without breathing.


Message History

You start resting.
An adder zombie comes into view.
You start resting.
An adder zombie is nearby!
You start resting.
An electric eel comes into view.
An electric eel is nearby!
You start resting.
An electric eel is nearby!
There is a stone staircase leading down here.
The electric eel shoots out a bolt of lightning at you!
The bolt of electricity hits you!
* * * LOW HITPOINT WARNING * * *
The electric eel shoots out a bolt of lightning at you!
The bolt of electricity hits you!
* * * LOW HITPOINT WARNING * * *
You climb downwards.
The orc warrior misses you.
The orc warrior hits you with a trident!
You die...
Kikubaaqudgha rasps: "You have failed me!
Welcome... oblivion!"

###########+###
#...$.........#
+.............#
#......@...(..#
#?....o..>....#
#.........._..#
#...........)<+
#.............#
#####+#########


You could see an orc warrior.

Vanquished Creatures
  An unseen horror (D:7)
  The ghost of Turtleman12345 the Archer, a novice CeHu of Makhleb (D:4)
  Sigmund (D:3)
  A yak (D:7)
  A water moccasin (D:8)
  Duvessa (D:7)
  A sky beast (D:5)
  2 ogres (D:6)
  A centaur (D:7)
  5 bullfrogs
  Dowan (D:7)
  A scorpion (D:8)
  3 wights (D:7)
  A killer bee (D:8)
  3 electric eels (D:8)
  3 howler monkeys (D:7)
  6 crimson imps
  3 hounds
  4 jellies
  An orc priest (D:7)
  Crazy Yiuf (D:3)
  Jessica (D:2)
  4 iguanas
  Terence (D:3)
  5 orc wizards
  Natasha (twice) (D:2)
  2 worker ants
  A hound zombie (D:6)
  2 hound skeletons
  A worker ant zombie (D:7)
  6 gnolls
  5 adders
  2 shadow imps
  4 oozes
  2 worms
  2 adder skeletons
  4 dart slugs
  9 leopard geckos
  27 orcs
  7 giant cockroaches
  4 goblins
  5 hobgoblins
  6 jackals
  3 quokkas
  8 bats
  2 frilled lizards
  A jackal skeleton (D:5)
  9 kobolds
  2 quokka zombies
  4 rats
173 creatures vanquished.

Notes
Turn   | Place    | Note
-------+----------+-------------------------------------------
     0 | D:1      | Kalash the Vampire Gladiator began the quest for the Orb.
     0 | D:1      | Reached XP level 1. HP: 16/16 MP: 1/1
   192 | D:1      | Reached XP level 2. HP: 22/22 MP: 2/2
   802 | D:2      | Noticed Jessica
   812 | D:2      | Killed Jessica
   812 | D:2      | Reached skill level 5 in Short Blades
   812 | D:2      | Reached XP level 3. HP: 19/27 MP: 3/3
   882 | D:2      | Noticed Natasha
   899 | D:2      | Killed Natasha
   899 | D:2      | Reached XP level 4. HP: 7/33 MP: 4/4
  1125 | D:2      | Found an ancient bone altar of Kikubaaqudgha.
  1139 | D:2      | Found a glowing golden altar of the Shining One.
  1140 | D:2      | Found an iron altar of Okawaru.
  1141 | D:2      | Found a blossoming altar of Fedhas.
  1163 | D:2      | Became a worshipper of Kikubaaqudgha
  1457 | D:2      | Noticed Natasha
  1592 | D:2      | Killed Natasha
  1902 | D:3      | Noticed Terence
  1916 | D:3      | Killed Terence
  1916 | D:3      | Reached skill level 1 in Stealth
  1916 | D:3      | Reached XP level 5. HP: 38/38 MP: 5/5
  2071 | D:3      | Reached skill level 2 in Stealth
  2160 | D:3      | Reached * piety under Kikubaaqudgha
  2160 | D:3      | Identified Kikubaaqudgha's Volume of Stolen Souls (Kikubaaqudgha gifted it to you on level 3 of the Dungeon)
  2160 | D:3      | Received a gift from Kikubaaqudgha
  2164 | D:3      | Learned a level 1 spell: Pain
  2168 | D:3      | Learned a level 3 spell: Regeneration
  2310 | D:3      | Found a runed door.
  2446 | D:3      | Noticed Sigmund
  2644 | D:4      | Reached skill level 3 in Stealth
  2729 | D:4      | Reached skill level 4 in Stealth
  2729 | D:4      | Reached XP level 6. HP: 37/44 MP: 6/6
  2880 | D:4      | Noticed Turtleman12345's ghost (novice CeHu)
  3213 | D:3      | Reached skill level 5 in Stealth
  3333 | D:3      | Killed Sigmund
  3333 | D:3      | Reached skill level 6 in Stealth
  3333 | D:3      | Reached XP level 7. HP: 49/49 MP: 7/7
  3460 | D:3      | Noticed Crazy Yiuf
  3464 | D:3      | Killed Crazy Yiuf
  3716 | D:4      | Killed Turtleman12345's ghost
  3716 | D:4      | Reached skill level 8 in Stealth
  3874 | D:5      | Entered Level 5 of the Dungeon
  3904 | D:5      | Found a snail-covered altar of Cheibriados.
  4332 | D:5      | Reached ** piety under Kikubaaqudgha
  4377 | D:5      | You fall through a shaft for 2 floors!
  4404 | D:7      | Reached XP level 8. HP: 55/55 MP: 8/8
  4498 | D:6      | Reached skill level 1 in Necromancy
  5091 | D:6      | Reached skill level 9 in Stealth
  5553 | D:6      | Found a staircase to the Ecumenical Temple.
  5803 | D:6      | Learned a level 2 spell: Corpse Rot
  5863 | D:6      | HP: 2/55 [poisoned by an orc wizard]
  6263 | D:7      | Found a shimmering altar of Xom.
  6327 | D:7      | Noticed Duvessa
  6327 | D:7      | Noticed Dowan
  6340 | D:7      | Killed Duvessa
  6366 | D:7      | Killed Dowan
  6366 | D:7      | Reached skill level 5 in Dodging
  6523 | D:7      | Reached skill level 10 in Stealth
  6638 | D:7      | Reached XP level 9. HP: 57/61 MP: 9/9
  6909 | D:7      | Noticed an unseen horror
  6994 | D:7      | Killed an unseen horror
  7406 | D:7      | Reached skill level 5 in Necromancy
  7456 | D:7      | Reached skill level 11 in Stealth
  7511 | D:7      | Reached skill level 10 in Short Blades
  7519 | D:7      | Reached *** piety under Kikubaaqudgha
  7519 | D:7      | Identified Kikubaaqudgha's Handbook of Evil (Kikubaaqudgha gifted it to you on level 7 of the Dungeon)
  7519 | D:7      | Received a gift from Kikubaaqudgha
  7663 | D:7      | Got a translucent great sword
  7664 | D:7      | Identified the +1 great sword of Sudden Death {chaos, Str+4 Int+5 Dex-4} (You found it on level 7 of the Dungeon)
  8334 | D:8      | Found a shimmering altar of Xom.
  8928 | D:8      | Reached skill level 1 in Spellcasting
  9386 | D:8      | Found a white marble altar of Elyvilon.
  9386 | D:8      | Found a radiant altar of Vehumet.
  9402 | D:8      | Found a faded altar of an unknown god.
  9405 | D:8      | Found a glowing silver altar of Zin.
  9407 | D:8      | Found an opulent altar of Gozag.
  9761 | D:8      | Noticed Prince Ribbit
  9972 | D:9      | Found a burning altar of Makhleb.
 10060 | D:8      | HP: 1/61 [electric eel/bolt of electricity (7)]
 10061 | D:9      | Demolished by an orc warrior

Skill      XL: |  1  2  3  4  5  6  7  8  9 |
---------------+----------------------------+-----
Short Blades   | 5 6 7 8 9 10 | 10.2
Stealth        | 1 4 6 8 10 11 | 11.4
Necromancy     | 4 5 |  5.7
Dodging        | 5 6 |  6.6
Spellcasting   | 2 |  2.2
Fighting       | |  1.7
Throwing       | |  1.5

Action                   |  1- 3 |  4- 6 |  7- 9 || total
-------------------------+-------+-------+-------++-------
Melee: Rapier            |    77 |   177 |       ||   254
       Bite              |     9 |    29 |    83 ||   121
       Short sword       |       |    51 |   604 ||   655
       Great sword       |       |       |     2 ||     2
 Cast: Pain              |       |       |     4 ||     4
  Use: Potion            |       |    10 |    24 ||    34
       Scroll            |       |     2 |    16 ||    18
 Stab: Sleeping          |       |     6 |    15 ||    21
       Distracted        |       |       |     4 ||     4
Armor: Ring mail         |    30 |    68 |   124 ||   222
       Leather armour    |     3 |       |       ||     3
Dodge: Dodged            |    51 |   109 |   227 ||   387
